 Dungeon Crawl Stone Soup version 0.31.0-11-ge490571c62 (webtiles) character file.

Game seed: 17112124630484708363

72 qw the Shooter (level 4, 0/23 HPs)
             Began as a Spriggan Hunter on Feb 4, 2024.
             Succumbed to their own poison gas
             ... on level 2 of the Dungeon.
             The game lasted 00:00:05 (1486 turns).

qw the Shooter (Spriggan Hunter)                    Turns: 1486, Time: 00:00:05

Health: 0/23       AC:  2    Str:  6 (7)  XL:     4   Next: 6%
Magic:  5/5        EV: 19    Int:  8 (10) God:
Gold:   142        SH:  0    Dex: 18 (20) Spells: 3/3 levels left

rFire   . . .        a - +0 shortbow
rCold   . . .        (shield currently unavailable)
rNeg    . . .        c - +0 robe
rPois   .            (helmet restricted)
rElec   .            (no cloak)
rCorr   .            (gloves unavailable)
SInv    +            (boots unavailable)
Will    .....        (no amulet)
Stlth   ++           (no ring)
HPRegen 0.23/turn    (no ring)
MPRegen 0.09/turn

%: no passive effects
@: lethally poisoned (0 -> -2), very quick
A: very small, no large weapons, unfitting armour, see invisible, speed 3
a: no special abilities


You were on level 2 of the Dungeon.
You visited 1 branch of the dungeon, and saw 2 of its levels.

You collected 142 gold pieces.


Innate Abilities, Weirdness & Mutations

You are very small and have problems with some larger weapons.
You are too small for most types of armour.
You have supernaturally acute eyesight. (SInv)
You cover ground extremely quickly. (Speed+++)


   Skills:
 + Level 1.9 Fighting
 - Level 5.0 Ranged Weapons
 - Level 4.0 Dodging
 - Level 1.5 Stealth


You had 3 spell levels left.
You didn't know any spells.
Your spell library was empty.

Inventory:

Hand Weapons
 a - a +0 shortbow (weapon)
Armour
 c - a +0 robe (worn)
Jewellery
 j - a ring of fire
Potions
 f - a potion of lignification {unknown}
 g - a potion of might {unknown}

Dungeon Overview and Level Annotations

Branches:
Dungeon (2/15)

Altars:
Zin


Message History

As you read the scroll labelled TAMIXZ QOTHA, it crumbles to dust.
It was a scroll of poison.
Done exploring.
1474 ||| READING 2 scrolls labelled FUDGHE SOKONOJ.
As you read the scroll labelled FUDGHE SOKONOJ, it crumbles to dust.
It is a scroll of amnesia.
You feel forgetful for a moment.
Done exploring.
1475 ||| DROPPING scroll of amnesia.
You drop a scroll of amnesia.
Done exploring.
What level of the Dungeon? (default 2, ? - help) Sorry, I don't know how to get there.
Enter note:
Enter note:
Enter note:
Enter note:
Enter note:
Enter note: You are engulfed in poison gas.
You are poisoned.
You feel very sick.
1477 ||| Stepping ~*~*~tactically~*~*~ (cloud).
You feel very sick.
You see here a scroll of amnesia.
There is a lethal amount of poison in your body!
You feel very sick.
There is a lethal amount of poison in your body!
You feel very sick.
There is a lethal amount of poison in your body!
You feel sick.
There is a lethal amount of poison in your body!
You feel sick.
There is a lethal amount of poison in your body!
You feel sick.
There is a lethal amount of poison in your body!
You feel sick.
There is a lethal amount of poison in your body!
You feel sick.
There is a lethal amount of poison in your body!
You feel sick.
There is a lethal amount of poison in your body!
You die...

.........#....## #.
####...#..<....# #.
#####..........# #.
...##.##.......######### #.
...##....#.)...........#########.
.#.#####.....#######¤0¤¤.........
.#.######..0¤###0¤0¤0¤¤0......###
.#...[....¤0.¤¤.0..00000.......#
######.###..%###@00..¤.0.......#
>.....#......# #0...¤00........#
.....###.#<#.# #¤00000.0......###
...%..#....#.# #00¤.¤000.#.%....)
######.......# #0¤0¤.¤¤0.########
######### #0000.000.# #000¤..00?#
###########


There were no monsters in sight!

Vanquished Creatures
  2 adders (D:2)
  A ribbon worm (D:2)
  2 dart slugs
  2 ball pythons (D:1)
  2 endoplasms
  A giant cockroach (D:2)
  A goblin (D:1)
  6 hobgoblins
  6 jackals
  5 quokkas
  6 bats
  3 frilled lizards
  3 kobolds
  2 rats
42 creatures vanquished.

Notes
Turn   | Place    | Note
-------+----------+-------------------------------------------
     0 | D:1      | qw the Spriggan Hunter began the quest for the Orb.
     0 | D:1      | Reached XP level 1. HP: 10/10 MP: 2/2
     0 | D:1      | 0 ||| qw: Version: 0.3-a-160-g6735b56
     0 | D:1      | 0 ||| qw: Game counter: 4420
     0 | D:1      | 0 ||| qw: Melee chars always use a shield: true
     0 | D:1      | 0 ||| qw: God list: Okawaru
     0 | D:1      | 0 ||| qw: Allow faded altars: false
     0 | D:1      | 0 ||| qw: Do Orc after clearing Dungeon:15 true
     0 | D:1      | 0 ||| qw: Do second Lair branch before Depths: true
     0 | D:1      | 0 ||| qw: Lair rune preference: random
     0 | D:1      | 0 ||| qw: Goals: Normal
     0 | D:1      | 0 ||| PLANNING D:1-11
   114 | D:1      | Reached skill level 3 in Dodging
   213 | D:1      | Reached XP level 2. HP: 14/14 MP: 3/3
   609 | D:1      | 609 ||| READING scroll labelled YBAUMN HENU.
   613 | D:1      | 613 ||| READING scroll labelled XEYHOPL HEYN.
   614 | D:1      | 614 ||| READING scroll labelled VUOTAKHL JAUL.
   640 | D:1      | 640 ||| READING scroll labelled HAJUBLIZOYS.
   741 | D:1      | 741 ||| READING scroll labelled XIK COPTAPN.
   742 | D:1      | 742 ||| DRINKING 3 fuming orange potions.
   743 | D:1      | 743 ||| DROPPING scroll of butterflies.
   744 | D:1      | 744 ||| DROPPING 2 potions of degeneration.
   794 | D:2      | Reached XP level 3. HP: 18/18 MP: 4/4
   986 | D:2      | Reached skill level 5 in Ranged Weapons
  1019 | D:2      | 1019 ||| FLEEEEING.
  1021 | D:2      | 1021 ||| FLEEEEING.
  1022 | D:2      | 1022 ||| FLEEEEING.
  1023 | D:2      | 1023 ||| STAIRDANCE
  1054 | D:1      | 1054 ||| READING scroll labelled CEZ TAPSUECH.
  1083 | D:2      | Reached XP level 4. HP: 23/23 MP: 5/5
  1232 | D:2      | Found a glowing silver altar of Zin.
  1396 | D:2      | Found a faded altar of an unknown god.
  1473 | D:2      | 1473 ||| READING scroll labelled TAMIXZ QOTHA.
  1474 | D:2      | 1474 ||| READING 2 scrolls labelled FUDGHE SOKONOJ.
  1475 | D:2      | 1475 ||| DROPPING scroll of amnesia.
  1477 | D:2      | 1477 ||| Stepping ~*~*~tactically~*~*~ (cloud).
  1480 | D:2      | HP: 5/23 [poisoned by you (poison gas)]
  1483 | D:2      | HP: 2/23 [poisoned by you (poison gas)]
  1486 | D:2      | Succumbed to their own poison gas

Levels and vault maps discovered:
D:1:      lemuel_arrival_cross, layout_basic
D:2:      layout_loops_ring, ebering_ecumenical_altar_petrified, basic_altar,
          minmay_pentomino_z2

Skill      XL: |  1  2  3 |
---------------+----------+-----
Dodging        | 3 4 |  4.0
Ranged Weapons | 5 |  5.0
Fighting       | |  1.9
Stealth        | |  1.5

Action                     |  1- 3 |  4- 6 || total
---------------------------+-------+-------++-------
   Fire: Shortbow          |   113 |     7 ||   120
    Use: Scroll            |     6 |     2 ||     8
         Potion            |     1 |       ||     1
 Armour: Robe              |    21 |       ||    21
  Dodge: Dodged            |    75 |       ||    75

Table legend:
 A = Non-vault XP
 B = Vault XP
 C = Vault XP percentage of total XP
 D = Non-vault monster count
 E = Vault monster count
 F = Vault count percentage of total count
                 A         B        C        D         E       F
            +---------+---------+-------+---------+---------+-------
      Total |     100 |       3 |   2.9 |      40 |       2 |   4.8
            +---------+---------+-------+---------+---------+-------
        D:1 |      38 |       0 |   0.0 |      21 |       0 |   0.0
        D:2 |      62 |       3 |   4.6 |      19 |       2 |   9.5
            +---------+---------+-------+---------+---------+-------
